 Dungeon Crawl Stone Soup version 0.31.0-4-g52a2dc7128 (webtiles) character file.

Game seed: 11039935377954035331

40394 Daunt the Spear-Bearer (level 13, -4/67 HPs)
             Began as a Spriggan Alchemist on Jan 21, 2024.
             Was a High Priest of Dithmenos.
             Killed from afar by a rime drake (23 damage)
             ... with an icy flash freeze
             ... on level 5 of the Lair of Beasts.
             The game lasted 01:50:00 (17866 turns).

Daunt the Spear-Bearer (Spriggan Alchemist)        Turns: 17866, Time: 01:50:05

Health: -4/67      AC:  5    Str:  4    XL:     13   Next: 74%
Magic:  20/26      EV: 18    Int: 20    God:    Dithmenos [*****.]
Gold:   421        SH:  0    Dex: 17    Spells: 8/28 levels left

rFire   . . .        a - +4 trident (vamp)
rCold   . . .        (shield currently unavailable)
rNeg    . . .        R - +0 troll leather armour
rPois   +            M - +2 hood of the Assassin {Detect Stab+ Stlth++}
rElec   .            e - scarf {+Inv}
rCorr   .            (gloves unavailable)
SInv    +            (boots unavailable)
Will    ++...        (no amulet) Stlth **++++++++
                     j - ring of poison resistance
HPRegen 1.11/turn    t - ring of flight
MPRegen 0.20/turn

%: no passive effects
@: flying, wreathed by umbra, very quick
A: very small, no large weapons, unfitting armour, see invisible, speed 3
a: Renounce Religion, Evoke Invisibility, Shadow Step, Shadow Form


You were on level 5 of the Lair of Beasts.
You worshipped Dithmenos.
Dithmenos was extremely pleased with you.
You visited 3 branches of the dungeon, and saw 16 of its levels.
You also visited: Bailey.

You collected 1225 gold pieces.
You spent 804 gold pieces at shops.

Inventory:

Hand Weapons
 a - a +4 vampiric trident (weapon)
Missiles
 d - 136 stones
 w - 2 boomerangs
 C - 19 poisoned darts
 H - 6 curare-tipped darts
 I - 4 throwing nets
Armour
 e - a scarf of invisibility (worn)
 q - a +1 cloak
 D - +0 steam dragon scales
 M - the +2 hood of the Assassin (worn) {Detect Stab+ Stlth++}
   (You bought it in a shop on level 1 of the Dungeon)

   Detect:    It allows the wearer to sense nearby creatures.
   Stab+:     It allows the wearer to make particularly effective stabbing
   attacks against helpless or unaware enemies with any weapon.
   Stlth++:   It makes you much more stealthy.
 O - a +0 robe of willpower
 P - an orb of guile
 R - a +0 troll leather armour (worn)
Jewellery
 j - a ring of poison resistance (left hand)
 t - a ring of flight (right hand)
 J - a ring of willpower
 W - a ring of ice
Wands
 i - a wand of light (7)
 B - a wand of flame (44)
 G - a wand of charming (9)
 N - a wand of mindburst (9)
Scrolls
 f - 3 scrolls of fear {unknown}
 h - a scroll of butterflies
 k - 2 scrolls of vulnerability {unknown}
 p - 3 scrolls of enchant armour {unknown}
 r - 4 scrolls of immolation {unknown}
 u - 3 scrolls of teleportation {unknown}
 y - a scroll of silence {unknown}
 A - 4 scrolls of noise
 K - 3 scrolls of enchant weapon {unknown}
 L - a scroll of poison {unknown}
 Q - a scroll of brand weapon {unknown}
 T - 2 scrolls of amnesia {unknown}
 U - a scroll of revelation {unknown}
Potions
 b - a potion of magic
 c - 2 potions of mutation {unknown}
 g - 3 potions of attraction
 l - 2 potions of lignification
 m - 5 potions of brilliance
 n - 4 potions of heal wounds
 o - a potion of invisibility
 s - a potion of cancellation
 v - 4 potions of curing
 x - a potion of ambrosia
 z - 2 potions of haste
 E - 2 potions of resistance {unknown}
 F - 2 potions of might {unknown}
 S - 3 potions of enlightenment {unknown}
 V - a potion of degeneration {unknown}


   Skills:
 - Level 7.0 Fighting
 + Level 12.2 Polearms
 - Level 5.0 Dodging
 - Level 12.0 Stealth
 - Level 8.0 Spellcasting
 - Level 1.0 Conjurations
 - Level 8.0 Hexes
 - Level 1.0 Summonings
 - Level 3.0 Fire Magic
 - Level 2.0 Air Magic
 - Level 9.7 Alchemy
 - Level 6.7 Evocations


You had 8 spell levels left.
You knew the following spells:

 Your Spells              Type           Power      Damage    Failure   Level
a - Sting                 Conj/Alch      100%       1d9       1%          1
c - Confusing Touch       Hex            40%        N/A       1%          3
i - Alistair's Intoxicat  Alch           31%        N/A       8%          5
s - Sticky Flame          Fire/Alch      33%        2d7       11%         4
t - Olgreb's Toxic Radia  Alch           47%        N/A       2%          4
u - Summon Small Mammal   Summ           48%        N/A       10%         1
v - Mercury Vapours       Alch/Air       62%        N/A       1%          2

Your spell library contained the following spells:

 Spells                   Type           Power      Damage    Failure   Level
 Jinxbite                 Hex            80%        N/A       1%          2
 Mephitic Cloud           Conj/Alch/Air  25%        N/A       8%          3
 Kiss of Death            Conj/Necr      40%        2d8       12%         1
 Apportation              Tloc           16%        N/A       16%         1
 Necrotise                Necr           32%        1d5       16%         1
 Dispel Undead            Necr           8%         3d8       83%         4
 Manifold Assault         Tloc           8%         N/A       83%         4
 Freezing Cloud           Conj/Ice/Air   6%         6-21      95%         5
 Dispersal                Tloc           4%         N/A       100%        6
 Disjunction              Tloc           4%         N/A       100%        8


Dungeon Overview and Level Annotations

Branches:
Dungeon (10/15)            Temple (1/1) D:6            Lair (5/5) D:10
 Shoals (0/4) Lair:3        Snake (0/4) Lair:2        Slime (0/5) Lair:4
 Bailey (visited)
    Orc: D:9-12

Altars:
Ashenzari
Cheibriados
Dithmenos
Elyvilon
Fedhas
Gozag
Hepliaklqana
Kikubaaqudgha
Makhleb
Nemelex Xobeh
Okawaru
Qazlal
Ru
Sif Muna
Trog
Uskayaw
Vehumet
Wu Jian
Xom
Yredelemnul
Zin
The Shining One
Jiyva

Shops:
D:1 [   D:2 [   D:10 *

Annotations:
D:3 Sigmund
D:4 Eustachio
D:6 Grinder
D:10 3 runed translucent doors, groovy9's ghost, journeyman DjHW
Lair:4 1 runed translucent door
Lair:5 exclusion: obsidian statue


Innate Abilities, Weirdness & Mutations

You are very small and have problems with some larger weapons.
You are too small for most types of armour.
You have supernaturally acute eyesight. (SInv)
You cover ground extremely quickly. (Speed+++)


Message History

The dire elephant skeleton is almost destroyed.
Your shadow hits the dire elephant skeleton from afar with a trident.
You destroy the dire elephant skeleton!
Dithmenos accepts your kill.
Your toxic aura wanes.
Unknown command.
Unknown command.
A dire elephant comes into view.
Casting: Olgreb's Toxic Radiance (dangerous; 2% risk of failure)
Confirm with . or Enter, or press ? or * to list all spells.
Okay, then.
Unknown command.
Casting: Olgreb's Toxic Radiance (dangerous; 2% risk of failure)
Confirm with . or Enter, or press ? or * to list all spells.
You begin to radiate toxic energy.
The dire elephant trumpets!
The dire elephant is poisoned.
The rime drake hisses angrily.
The rime drake is poisoned.
The dire elephant looks even sicker.
Unknown command.
The dire elephant looks even sicker.
The rime drake looks even sicker.
Your toxic aura wanes.
The rime drake breathes ice at you. The icy flash freeze hits you!!
You emit a cloud of dark smoke.
You are encased in ice.
The ice encasing you melts away. The rime drake breathes ice at you.
The icy flash freeze hits you!!
* * * LOW HITPOINT WARNING * * *
You emit a cloud of dark smoke.
You are encased in ice.
The ice encasing you melts away.
As you read the scroll labelled YSORPH IGUVIQ, it crumbles to dust.
You hear a loud clanging noise!
It was a scroll of noise.
You hear an angry hiss.
The rime drake breathes ice at you. The icy flash freeze hits you!!
You die...

§†#♣.....§§§{..#P..##............
§##♣....§§§§§§...................
§# ♣....§.§§Y§§..................
P# #♣...§§§k{§§....##............
#####P.......##.#...#.....#..#.#.
'.PP#♣....§§§#§#...#.P...#.#####.
#P.P#♣....§{§Y§...........#####..
#P..##.....§k##...........#....P+
#...##....§§§§##@..PP....#.#P....
#.)†##.....§.§k....#.P...P.......
#8)8#♣..............#..†...#....#
######.......#.P.#.##.....#####.#
# #♣........#######.....####P.. #
##........#.#..###....###..... #
#.............................
##.####..##.##.#.P#.P..#.#.##P#
#.## ##########.######..######


You could see a dire elephant (poisoned) and a rime drake (catching breath).

Vanquished Creatures
  A dire elephant (Lair:5)
  A hydra (Lair:5)
  A two-headed ogre (D:9)
  6 death yaks
  A skyshark (Lair:4)
  A spectral death yak (Lair:5)
  A spectral anaconda (Lair:5)
  A deep troll (Lair:1)
  A deep elf zephyrmancer (Bailey)
  2 necromancers (Lair:5)
  An orc knight (Bailey)
  A merfolk siren (Lair:3)
  4 black mambas
  14 elephants
  Maggie (D:6)
  3 rime drakes
  9 cane toads
  Jeremiah (D:9)
  A dire elephant skeleton (Lair:5)
  8 komodo dragons
  2 polar bears
  8 blink frogs
  4 dream sheep (Lair:5)
  4 wyverns
  4 basilisks
  55 yaks
  3 steam dragons
  3 nagas (Lair:2)
  10 water moccasins
  Duvessa (D:6)
  A sky beast (D:7)
  An ice beast (D:7)
  7 orc warriors
  2 black bears
  3 ogres
  8 wolves
  3 centaurs
  11 bullfrogs
  2 gnoll sergeants
  2 scorpions (D:5)
  2 cane toad simulacra (Lair:5)
  Dowan (D:6)
  17 killer bees
  2 howler monkeys
  2 bombardier beetles
  5 hounds
  4 jellies
  A gnoll bouda (D:5)
  An orc priest (D:10)
  A sleepcap (D:5)
  7 iguanas
  4 orc wizards
  7 hell rats (Lair:1)
  19 gnolls
  6 adders
  A shadow imp (D:6)
  2 white imps
  2 ufetubi (D:7)
  2 ribbon worms (D:3)
  4 dart slugs
  25 orcs
  3 endoplasms
  15 giant cockroaches
  5 goblins
  7 hobgoblins
  10 kobolds
  3 quokkas
  5 ball pythons
  4 bats
  A frilled lizard (D:2)
  4 rats
  A butterfly (Lair:1)
366 creatures vanquished.

Notes
Turn   | Place    | Note
-------+----------+-------------------------------------------
     0 | D:1      | Daunt the Spriggan Alchemist began the quest for the Orb.
     0 | D:1      | Reached XP level 1. HP: 9/9 MP: 5/5
   251 | D:1      | Reached XP level 2. HP: 13/13 MP: 4/7
   468 | D:1      | Found Vifely Suopp's Armour Shop.
   523 | D:1      | Found a faded altar of an unknown god.
  1039 | D:2      | Reached XP level 3. HP: 16/16 MP: 5/9
  1163 | D:2      | Learned a level 2 spell: Mercury Vapours
  1454 | D:2      | Found Extee's Armour Emporium.
  1846 | D:2      | Reached XP level 4. HP: 21/21 MP: 8/11
  2437 | D:3      | Reached skill level 1 in Conjurations
  2572 | D:3      | Reached skill level 1 in Air Magic
  2572 | D:3      | Reached XP level 5. HP: 25/25 MP: 4/12
  2698 | D:3      | Reached skill level 1 in Fighting
  2834 | D:3      | Noticed Sigmund
  3600 | D:4      | Reached skill level 5 in Alchemy
  3660 | D:4      | Noticed Eustachio
  3727 | D:4      | Noticed an ogre
  3866 | D:4      | Found a stormy altar of Qazlal.
  3869 | D:4      | Found a white marble altar of Elyvilon.
  3963 | D:5      | Entered Level 5 of the Dungeon
  3995 | D:4      | Killed an ogre
  3996 | D:4      | Reached XP level 6. HP: 30/30 MP: 9/14
  4057 | D:5      | Found a broken altar of Ashenzari.
  4061 | D:5      | Saw a vision of the Shoals and the Snake Pit.
  4061 | D:5      | Noticed a sea snake
  4061 | D:5      | Noticed a manticore
  4061 | D:5      | Noticed a harpy
  4061 | D:5      | Noticed a sea snake
  4061 | D:5      | Noticed a merfolk
  4061 | D:5      | Noticed a merfolk
  4061 | D:5      | Noticed a black mamba
  4061 | D:5      | Noticed a naga sharpshooter
  4061 | D:5      | Noticed a naga warrior
  4061 | D:5      | Noticed a naga warrior
  4063 | D:5      | Noticed a snapping turtle
  4065 | D:5      | Noticed a naga
  4090 | D:5      | Reached skill level 5 in Spellcasting
  4520 | D:5      | Reached XP level 7. HP: 33/35 MP: 8/16
  4740 | D:5      | Reached skill level 5 in Stealth
  5086 | D:4      | Learned a level 4 spell: Olgreb's Toxic Radiance
  5215 | D:5      | Reached XP level 8. HP: 39/39 MP: 11/19
  5578 | D:6      | Noticed Grinder
  5823 | D:6      | Noticed Maggie
  5936 | D:6      | Killed Maggie
  5968 | D:6      | Found a staircase to the Ecumenical Temple.
  5976 | Temple   | Entered the Ecumenical Temple
  6187 | D:6      | Found a blossoming altar of Fedhas.
  6187 | D:6      | Found a snail-covered altar of Cheibriados.
  6195 | D:6      | Found a hazy altar of Hepliaklqana.
  6197 | D:6      | Found a radiant altar of Vehumet.
  6199 | D:6      | Found a shadowy altar of Dithmenos.
  6202 | D:6      | Became a worshipper of Dithmenos the Shadowed
  6303 | D:6      | Reached skill level 5 in Dodging
  6345 | D:6      | Reached skill level 1 in Evocations
  6491 | D:6      | Noticed Duvessa
  6510 | D:6      | Noticed Dowan
  6522 | D:6      | Killed Duvessa
  6528 | D:6      | Killed Dowan
  6529 | D:6      | Reached XP level 9. HP: 44/44 MP: 5/20
  7079 | D:7      | Learned a level 4 spell: Sticky Flame
  7220 | D:7      | Reached skill level 1 in Fire Magic
  7301 | D:7      | Reached * piety under Dithmenos
  8047 | D:8      | Reached skill level 5 in Evocations
  8093 | D:8      | Learned a level 1 spell: Summon Small Mammal
  8311 | D:8      | Found a flagged portal.
  8332 | Bailey   | Entered a bailey
  8452 | Bailey   | Reached skill level 1 in Summonings
  8494 | Bailey   | Noticed an orc knight
  8550 | Bailey   | Killed an orc knight
  8551 | Bailey   | Reached XP level 10. HP: 49/49 MP: 9/22
  8737 | Bailey   | Found a large runed translucent door.
  8737 | Bailey   | Found a large runed translucent door.
  8738 | Bailey   | Noticed a deep elf zephyrmancer
  8825 | Bailey   | Killed a deep elf zephyrmancer
  8847 | Bailey   | Identified the +1 leather armour of the Ward {+Blink Fly
                  | Str+4 Int-3}
  8907 | D:8      | Reached ** piety under Dithmenos
  9211 | D:1      | Bought the +2 hood of the Assassin {Detect Stab+ Stlth++}
                  | for 600 gold pieces
  9211 | D:1      | Found the +2 hood of the Assassin {Detect Stab+ Stlth++}
  9527 | D:8      | Found an ornate altar of the Wu Jian Council.
  9747 | D:8      | Reached skill level 1 in Polearms
 10024 | D:9      | Noticed Jeremiah
 10115 | D:9      | Killed Jeremiah
 10369 | D:9      | Noticed a two-headed ogre
 10398 | D:9      | Killed a two-headed ogre
 10614 | D:9      | Reached skill level 5 in Polearms
 11099 | D:10     | Entered Level 10 of the Dungeon
 11135 | D:10     | Found Nulusaf's Neck Hole.
 11141 | D:10     | Bought a scarf of invisibility for 204 gold pieces
 11154 | D:10     | Found a runed translucent gate.
 11155 | D:10     | Found a runed translucent gate.
 11155 | D:10     | Found a runed translucent gate.
 11157 | D:10     | Found an opulent altar of Gozag.
 11157 | D:10     | Noticed a gargoyle
 11159 | D:10     | Noticed a catoblepas
 11162 | D:10     | Noticed groovy9's ghost (journeyman DjHW)
 11398 | D:10     | Found a staircase to the Lair.
 11414 | D:10     | Reached XP level 11. HP: 53/53 MP: 17/24
 11753 | Lair:1   | Entered Level 1 of the Lair of Beasts
 11884 | Lair:1   | Reached skill level 1 in Hexes
 12000 | Lair:1   | Noticed a deep troll
 12023 | Lair:1   | Killed a deep troll
 12270 | Lair:1   | Reached *** piety under Dithmenos
 12316 | Lair:1   | Identified the +2 hat of Gehenna {Str+3}
 12704 | Lair:1   | Learned a level 3 spell: Confusing Touch
 12715 | Lair:1   | Reached skill level 5 in Hexes
 13547 | Lair:2   | Found a staircase to the Snake Pit.
 13901 | Lair:2   | Reached **** piety under Dithmenos
 13952 | Lair:2   | Reached XP level 12. HP: 58/58 MP: 12/25
 14893 | Lair:3   | Found a staircase to the Shoals.
 14897 | Lair:3   | Reached skill level 5 in Fighting
 15397 | Lair:4   | Found a runed translucent door.
 15400 | Lair:4   | Found a viscous altar of Jiyva.
 15449 | Lair:4   | Reached skill level 10 in Stealth
 15495 | Lair:4   | Noticed a death yak
 15539 | Lair:4   | Noticed a death yak
 15566 | Lair:4   | Noticed a death yak
 15568 | Lair:4   | Noticed a death yak
 15568 | Lair:4   | Noticed a death yak
 15581 | Lair:4   | Killed a death yak
 15635 | Lair:4   | Killed a death yak
 15711 | Lair:4   | Killed a death yak
 15757 | Lair:4   | Killed a death yak
 15768 | Lair:4   | Killed a death yak
 15978 | Lair:4   | Reached ***** piety under Dithmenos
 16109 | Lair:4   | Reached XP level 13. HP: 65/65 MP: 26/26
 16194 | Lair:4   | Reached skill level 10 in Polearms
 16400 | Lair:4   | Found a staircase to the Slime Pits.
 16400 | Lair:4   | Noticed an azure jelly
 16401 | Lair:4   | Noticed an azure jelly
 16739 | Lair:5   | Entered Level 5 of the Lair of Beasts
 16779 | Lair:5   | Learned a level 5 spell: Alistair's Intoxication
 17443 | Lair:5   | Found the +13 scythe of Curses {drain, curses, ^Drain}
 17574 | Lair:5   | Noticed a dire elephant
 17575 | Lair:5   | Noticed a dire elephant
 17580 | Lair:5   | Found the macabre finger necklace {Finger+ rN+}
 17816 | Lair:5   | Killed a dire elephant
 17846 | Lair:5   | Noticed a dire elephant
 17866 | Lair:5   | Killed from afar by a rime drake

Illustrated notes

Levels and vault maps discovered:
D:1:      spicycebolla_arrival_risky_transporter, layout_loops_ring,
          serial_shops, shop, dreamdust_ecumenical_altar_hidden_monk_grotto
D:2:      minmay_roachtagon, layout_rooms, serial_shops,
          nicolae_shop_hallway_stairs, serial_forest,
          infiniplex_forest_clump_long, infiniplex_forest_diagonal,
          infiniplex_forest_end_double, infiniplex_forest_straight_2,
          infiniplex_forest_lined_4_way, infiniplex_forest_lined_ring
D:3:      layout_loops_ring, serial_park_tiny_pond, uniq_sigmund
D:4:      layout_cave_pools, minitemple, uniq_eustachio
D:5:      layout_loops_ring, grunt_ashenzari_visionary
          [grunt_ashenzari_visionary_shoals, grunt_ashenzari_visionary_snake],
          minmay_strange_pillars, minmay_gold_behind_fungi
D:6:      layout_basic, chequers_temple_overflow_minitemple,
          minmay_temple_entry_arrows, uniq_maggie, uniq_duvessa, uniq_grinder
D:7:      layout_rooms
D:8:      layout_loops_ring, pdpol_wu_jian_five_deadly_venoms, enter_bailey_2,
          st_stairs_6, hangedman_decor_slide_cut
D:9:      layout_grid_maze, uniq_jeremiah
D:10:     layout_roguey, david_lair_shrubbed, ebering_ghost_gozag,
          nicolae_shop_sticking_my_neck_out
Temple:   nicolae_temple_figure_eight
Lair:1:   dreamdust_cave_troll, layout_cave_pods, st_stairs_4,
          serial_bayou_shore_b, lemuel_fruit_fields
Lair:2:   layout_small_grid, minmay_snake_entry_guardpost_small,
          chequers_serial_rivers_room_b, chequers_serial_rivers_micro_d,
          grunt_megastairs_4
Lair:3:   layout_roguey, elwin_shoals_entry_rooms
Lair:4:   layout_regular_city, slime_entry_2, lemuel_fruit_tree
Lair:5:   due_jungle_book, layout_regular_city

Skill      XL: |  1  2  3  4  5  6  7  8  9 10 11 12 13 |
---------------+----------------------------------------+-----
Spellcasting   | 3 4 5 7 8 |  8.0
Alchemy        | 4 5 7 8 9 |  9.7
Conjurations   | 1 |  1.0
Air Magic      | 1 2 |  2.0
Fighting       | 1 2 3 4 6 7 |  7.0
Stealth        | 4 5 7 8 11 12 | 12.0
Dodging        | 5 |  5.0
Evocations     | 3 6 |  6.7
Fire Magic     | 3 |  3.0
Summonings     | 1 |  1.0
Polearms       | 6 8 9 12 | 12.2
Hexes          | 7 8 |  8.0

Action                     |  1- 3 |  4- 6 |  7- 9 | 10-12 | 13-15 || total
---------------------------+-------+-------+-------+-------+-------++-------
  Melee: Spear             |       |    86 |     3 |       |       ||    89
         Punch             |       |     1 |       |       |       ||     1
         Trident           |       |       |    18 |   229 |   119 ||   366
  Throw: Boomerang         |       |       |     3 |       |       ||     3
   Cast: Sting             |    83 |   110 |   205 |    46 |       ||   444
         Mercury Vapours   |     2 |     4 |     7 |       |       ||    13
         Olgreb's Toxic Ra |       |       |    29 |    84 |    28 ||   141
         Sticky Flame      |       |       |       |     8 |       ||     8
         Confusing Touch   |       |       |       |    21 |    11 ||    32
  Evoke: Wand              |       |       |     1 |       |       ||     1
    Use: Scroll            |       |     6 |     1 |     3 |     1 ||    11
   Stab: Sleeping          |       |       |     1 |    32 |    16 ||    49
         Confused          |       |       |       |    23 |     9 ||    32
         Distracted        |       |       |       |       |     1 ||     1
 Armour: Robe              |     7 |     5 |    15 |     7 |       ||    34
         Steam dragon scal |       |       |    22 |    16 |       ||    38
         Troll leather arm |       |       |       |    43 |    25 ||    68
  Dodge: Dodged            |     9 |    20 |    85 |   117 |    36 ||   267
